 Dungeon Crawl Stone Soup version 0.29.1-2-gbd0b4ee654 (webtiles) character file.

Game seed: 6001828175183817690

95200 mortz the Spear-Bearer (level 16, -2/154 HPs)
             Began as a Gargoyle Monk on Nov 1, 2022.
             Was the Champion of Okawaru.
             Killed from afar by a crystal guardian (21 damage)
             ... with a crystal bolt
             ... on level 3 of the Abyss.
             The game lasted 03:35:00 (28691 turns).

mortz the Spear-Bearer (Gargoyle Monk)             Turns: 28691, Time: 03:35:00

Health: -2/154     AC: 50    Str: 17      XL:     16   Next: 13%
Magic:  15/15      EV: 12    Int:  8 (10) God:    Okawaru [******]
Gold:   494        SH: 18    Dex: 17      Spells: 15/15 levels left

rFire   + . .      SeeInvis .   a - +8 trishula "Condemnation" {holy, anguish, *Noise Fly rN+}
rCold   + . .      Faith    .   o - +3 buckler {AC+3}
rNeg    + + +      Spirit   .   q - +10 chain mail of the Pit {rC+ rN+ Str+3}
rPois   ∞          Reflect  +   A - +1 hat of Pleasant Breezes {-Tele rF+ rN+ Slay+2}
rElec   +          Harm     .   L - scarf {repulsion}
rCorr   +          Rampage  .   t - +2 pair of gloves {Dex+3}
Will    +....      NoTele   +   S - +2 pair of boots {Stlth+}
Stlth   ..........              f - amulet of reflection
HPRegen 0.35/turn               l - +4 ring of protection
MPRegen 0.14/turn               U - ring of the Octopus King {rCorr HP+2 AC+2 EV+2 SH+2}

@: berserking, flying, studying Evocations, repel missiles, unable to read, very
quick
A: sickness immunity, AC +12, big wings, negative energy resistance 1,
electricity resistance, torment resistance 1, petrification resistance, dopey 1,
[clumsy 2], low MP 1[+1], [weak 1], [inability to read after injury 1]
a: Renounce Religion, Heroism, Finesse, Duel


You were on level 3 of the Abyss.
You worshipped Okawaru.
Okawaru was exalted by your worship.
You visited 4 branches of the dungeon, and saw 23 of its levels.
You visited the Abyss 1 time.
You also visited: Sewer and Bailey.

You collected 2554 gold pieces.
You spent 2060 gold pieces at shops.

Inventory:

Hand Weapons
 a - the +8 trishula "Condemnation" (weapon) {holy, anguish, *Noise Fly rN+}
   (You found it on level 9 of the Dungeon)

   It has been blessed by the Shining One to cause great damage to the undead
   and demons.
   It inflicts anguish, making its victims' attacks reflect back on them.
   rN:        It protects you from negative energy.
   Fly:       It grants you flight.
   *Noise:    It may make noises in combat.
 b - the +10 flail of the Old World {freeze, rC+ Stlth+}
   (You found it on level 6 of the Dungeon)

   It freezes those it strikes, dealing additional cold damage.
   It can also slow down cold-blooded creatures.
   rC:        It protects you from cold.
   Stlth:     It makes you more stealthy.
 h - the +6 battleaxe of Dung {freeze, Int+4}
   (You found it on level 9 of the Dungeon)

   It freezes those it strikes, dealing additional cold damage.
   It can also slow down cold-blooded creatures.
   Int:       It affects your intelligence (+4).
 w - a +4 trident of protection
 V - a +1 scimitar of flaming
 X - the +10 quarterstaff of Iboicine {venom, rF+++}
   (You found it on level 1 of the Lair of Beasts)

   It poisons the flesh of those it strikes.
   rF:        It renders you almost immune to fire.
 Y - the +10 long sword of World's End {venom, Str+7 Dex+3}
   (Okawaru gifted it to you on level 3 of the Lair of Beasts)

   It poisons the flesh of those it strikes.
   Str:       It affects your strength (+7).
   Dex:       It affects your dexterity (+3).
Missiles
 i - 14 curare-tipped darts
 j - 3 atropa-tipped darts
 s - 32 poisoned darts
 v - 13 javelins (quivered)
 E - 19 boomerangs
Armour
 o - a +3 buckler of protection (worn)
 q - the +10 chain mail of the Pit (worn) {rC+ rN+ Str+3}
   (You acquired it on level 2 of the Dungeon)

   Str:       It affects your strength (+3).
   rC:        It protects you from cold.
   rN:        It protects you from negative energy.
 t - a +2 pair of gloves of dexterity (worn)
 A - the +1 hat of Pleasant Breezes (worn) {-Tele rF+ rN+ Slay+2}
   (Okawaru gifted it to you on level 5 of the Lair of Beasts)

   Slay:      It affects your accuracy & damage with ranged weapons and melee
   (+2).
   rF:        It protects you from fire.
   rN:        It protects you from negative energy.
   -Tele:     It prevents most forms of teleportation.
 B - a scarf of resistance
 L - a scarf of repulsion (worn)
 S - a +2 pair of boots of stealth (worn)
Jewellery
 f - an amulet of reflection (around neck)
 g - the ring of Xuenicvo {Fly rPois rF+}
   (You found it on level 7 of the Dungeon)

   [ring of flight]

   rF:        It protects you from fire.
   rPois:     It protects you from poison.
   Fly:       It grants you flight.
 l - a +4 ring of protection (left hand)
 U - a ring of the Octopus King (right hand) {rCorr HP+2 AC+2 EV+2 SH+2}
   (You found it in a bailey)

   [ring of resist corrosion]

   AC:        It affects your AC (+2).
   EV:        It affects your evasion (+2).
   HP:        It affects your health (+2).
   rCorr:     It protects you from acid and corrosion.
   SH:        It affects your SH (+2).
 W - the ring of Bamm {rElec rC++ Will+ rCorr Stlth-}
   (You found it on level 12 of the Dungeon)

   [ring of resist corrosion]

   rC:        It greatly protects you from cold.
   rElec:     It insulates you from electricity.
   rCorr:     It protects you from acid and corrosion.
   Will:      It increases your willpower.
   Stlth:     It makes you less stealthy.
 Z - a ring of willpower
Wands
 n - a wand of roots (12)
 y - a wand of flame (37)
 F - a wand of paralysis (7)
 O - a wand of polymorph (4)
 R - a wand of digging (8)
Scrolls
 e - 12 scrolls of teleportation
 u - 3 scrolls of fear
 x - 10 scrolls of identify
 z - 2 scrolls of magic mapping
 C - 2 scrolls of fog
 D - a scroll of blinking
 J - 2 scrolls of immolation
 N - 2 scrolls of enchant weapon
 P - 3 scrolls of poison
 Q - 2 scrolls of brand weapon
Potions
 c - 11 potions of ambrosia
 d - 7 potions of curing
 k - 4 potions of brilliance
 m - 2 potions of berserk rage
 p - 4 potions of lignification
 r - 4 potions of might
 G - 9 potions of mutation
 H - 2 potions of cancellation
 I - 6 potions of haste
 K - 5 potions of attraction
Miscellaneous
 M - a lightning rod (4/4)


   Skills:
 + Level 11.9 Fighting
 + Level 9.6 Long Blades
 + Level 0.7(9.0) Axes
 - Level 13.9(14.0) Polearms
 + Level 3.3 Throwing
 + Level 9.3 Armour
 + Level 6.0 Dodging
 + Level 3.5 Stealth
 + Level 13.9 Shields
 * Level 4.1 Invocations
 - Level 8.4 Evocations


You had 15 spell levels left.
You didn't know any spells.
Your spell library contained the following spells:

 Spells                   Type           Power      Damage    Failure   Level
 Beastly Appendage        Tmut           0%         N/A       99%         1
 Ensorcelled Hibernation  Hex/Ice        0%         N/A       100%        2
 Passwall                 Tmut/Erth      0%         N/A       100%        2
 Scorch                   Fire           0%         2d5       100%        2
 Wereblood                Tmut           0%         N/A       100%        2
 Conjure Flame            Conj/Fire      0%         6-21      100%        3
 Dazzling Flash           Conj/Hex       0%         N/A       100%        3
 Ignite Poison            Fire/Tmut/Pois 0%         N/A       100%        3
 Spider Form              Tmut/Pois      0%         N/A       100%        3
 Swiftness                Air            0%         N/A       100%        3
 Flame Wave               Conj/Fire      0%         2d4       100%        4
 Hailstorm                Conj/Ice       0%         3d3       100%        4
 Ice Form                 Ice/Tmut       0%         N/A       100%        4
 Iskenderun's Mystic Bla  Conj/Tloc      0%         2d3       100%        4
 Sticky Flame             Conj/Fire      0%         2d3       100%        4
 Starburst                Conj/Fire      0%         6d3       100%        6
 Simulacrum               Ice/Necr       Unusable   N/A       N/A         6
 Summon Cactus Giant      Summ           Unusable   N/A       N/A         6

Dungeon Overview and Level Annotations

Branches:
Dungeon (15/15) Zot: 26702  Temple (1/1) D:5 Zot: 5795    Lair (5/5) D:8 Zot: 23719
 Shoals (0/4) Lair:3       Spider (0/4) Lair:3        Slime (0/5) Lair:4
    Orc (2/2) D:12 Zot: 8580     Elf (0/3) Orc:2        Vaults (0/5) D:13
 Depths (0/4) D:15          Sewer (visited)          Bailey (visited)

Altars:
Ashenzari
Cheibriados
Dithmenos
Elyvilon
Fedhas
Gozag
Hepliaklqana
Kikubaaqudgha
Makhleb
Nemelex Xobeh
Okawaru
Qazlal
Ru
Sif Muna
Trog
Uskayaw
Vehumet
Wu Jian
Xom
Yredelemnul
Zin
The Shining One
Jiyva

Shops:
D:6 :=[[(   D:11 ?   D:15 ?   Orc:1 (   Orc:2 :=*!

Annotations:
Orc:1 1 runed translucent door, miserystealer's ghost, journeyman MiFi


Innate Abilities, Weirdness & Mutations

You are immune to sickness and miasma.
Your stone body is resilient. (AC +12)
You are immune to poison.
Your large and strong wings let you fly.
You resist negative energy. (rN+)
You are resistant to electric shocks. (rElec)
You are resistant to unholy torment.
You are immune to petrification.
You are dopey. (Int -2)
[You are very clumsy. (Dex -4)]
[Your magical capacity is very low. (-20% MP)]
[You are weak. (Str -2)]
[You occasionally lose the ability to read scrolls when taking damage.]


Message History

You feel threatened and lose the ability to read scrolls!
You hit the bone dragon but do no damage.
You barely miss the bone dragon. The chaos spawn gores you!
The chaos spawn freezes you. You resist.
A starcursed mass splits.
A chorus of shrieks assaults your mind.
* * * LOW HITPOINT WARNING * * *
A white imp comes into view.
The bone dragon closely misses you.
The white imp shouts!
You puncture the bone dragon!
The bone dragon convulses!
A starcursed mass splits.
You hit the bone dragon but do no damage.
The chaos spawn hits you.
* * * LOW HITPOINT WARNING * * *
A red film seems to cover your vision as you go berserk!
You feel yourself moving faster!
You feel mighty!
The large abomination barely misses you.
Unknown command.
You impale the bone dragon!!
The bone dragon convulses!!
The bone dragon is almost destroyed.
You impale the bone dragon!!
The bone dragon convulses.
The bone dragon is almost destroyed.
A starcursed mass splits.
The bone dragon tramples you.
* * * LOW HITPOINT WARNING * * *
You hold your ground!
The bone dragon is wracked by anguish.
The bone dragon is destroyed!
Okawaru is honoured by your kill. Okawaru grants you a weapon!
Something appears at your feet!
You see here a +4 scimitar of flaming.
You feel your intelligence returning.
You feel the corruption within you wane somewhat.
You no longer become unable to drink potions after taking damage.
You lose the ability to read scrolls when taking damage less often.
Your Dodging skill increases to level 6!
Your Invocations skill increases to level 4!
The substance of the Abyss twists violently, and a gateway leading out appears!
The crystal guardian fires a crystalline bolt at you.
The crystal bolt burns you! You resist.
* * * LOW HITPOINT WARNING * * *
The crystal bolt burns you!! You resist.
You die...

φ ##..# #
X ##
#.......
. ##XX##.
.. #X# #
#XX##
##X##
#4.# #
##X###..#
#@9...#
#..§##.##
#.... #
##..##..
. #.#.
5#. #⌠...
.....
#.... ..
.. #.###
#.. ..


You could see 6 starcursed masses, a crystal guardian, a large abomination, a
chaos spawn and a white imp.

Vanquished Creatures
  A lich (Abyss:3)
  A tentacled starspawn (Abyss:3)
  Kirke (D:14)
  A cacodemon (Abyss:3)
  2 orc warlords
  A green death (Abyss:3)
  Snorg (D:10)
  2 fire dragons (D:15)
  Fannar (D:10)
  A catoblepas (Lair:5)
  5 hydras
  3 boulder beetles
  5 centaur warriors
  A tengu warrior (D:11)
  4 two-headed ogres
  5 orc high priests (Orc:2)
  A large abomination (Abyss:3)
  10 death yaks
  Sonja (D:11)
  5 skeletal warriors
  A wretched star (Abyss:3)
  2 deep elf pyromancers
  2 lindwurms (Lair:5)
  6 orc knights
  An orc sorcerer (Orc:2)
  An oklob plant (Lair:4)
  7 cyclopes
  A faun (shapeshifter) (D:13)
  An ugly thing (D:9)
  3 manticores
  Joseph (D:7)
  5 black mambas
  11 elephants
  A torpor snail (Lair:5)
  4 komodo dragons
  A gargoyle (Bailey)
  3 kobold demonologists
  5 rime drakes
  6 cane toads
  An unseen horror (D:8)
  An efreet (D:9)
  A yaktaur (shapeshifter) (D:13)
  A queen bee (D:11)
  A troll (shapeshifter) (D:13)
  7 trolls
  2 hornets (D:10)
  8 blink frogs (Lair:2)
  4 slime creatures
  3 polar bears
  A tarantella (shapeshifter) (D:9)
  3 raiju (Abyss:3)
  2 dream sheep (Lair:5)
  57 yaks
  A shadow (D:11)
  5 culicivoras (Lair:3)
  A spriggan (shapeshifter) (D:13)
  7 wyverns
  A ynoxinul (Abyss:3)
  2 vampires
  2 humans (D:14)
  5 basilisks
  A hog (D:14)
  5 wraiths
  Eustachio (D:5)
  5 vampire mosquitoes
  A steam dragon (D:8)
  A neqoxec (Abyss:3)
  7 wargs
  10 water moccasins
  7 acid dragons
  A small abomination (Abyss:3)
  A sky beast (D:8)
  33 orc warriors
  3 ice beasts
  2 black bears
  A boggart (D:9)
  6 ogres
  7 wolves
  4 phantoms
  4 centaurs
  3 kobold brigands
  12 bullfrogs
  2 gnoll sergeants
  A necrophage (D:7)
  5 scorpions
  12 wights
  35 killer bees
  8 howler monkeys
  8 vampire bats (Bailey)
  5 wolf zombies (Bailey)
  5 electric eels
  5 starcursed masses (Abyss:3)
  2 gnoll boudas
  3 hounds
  32 orc priests
  3 iron imps (D:5)
  6 jellies
  3 iguanas
  Ijyb (D:4)
  Terence (D:2)
  21 orc wizards
  14 adders
  41 gnolls
  9 river rats (Sewer)
  2 white imps
  3 worms
  108 orcs
  An endoplasm (D:4)
  5 giant cockroaches
  10 goblins
  8 hobgoblins
  16 jackals
  6 quokkas
  10 ball pythons
  6 bats
  2 frilled lizards
  24 kobolds
  17 orc zombies (Bailey)
  30 rats
815 creatures vanquished.

Vanquished Creatures (others)
  A bone dragon (Abyss:3)
  A boulder beetle (Lair:2)
  A catoblepas (D:13)
  A death yak (Lair:3)
  2 orc knights (Orc:2)
  An orc sorcerer (Orc:2)
  A cyclops (D:10)
  A cane toad (Lair:5)
  A komodo dragon (Lair:3)
  A troll (shapeshifter) (D:13)
  A polar bear (Lair:3)
  An orc warrior (Orc:2)
  A killer bee (D:9)
  An orc wizard (D:8)
  An orc (D:8)
  16 fungi
  17 plants
  2 starspawn tentacles (Abyss:3)
51 creatures vanquished.

Grand Total: 866 creatures vanquished

Notes
Turn   | Place    | Note
-------+----------+-------------------------------------------
     0 | D:1      | mortz the Gargoyle Monk began the quest for the Orb.
     0 | D:1      | Reached XP level 1. HP: 14/14 MP: 1/1
   264 | D:1      | Reached XP level 2. HP: 19/19 MP: 2/2
  1109 | D:2      | Reached XP level 3. HP: 23/23 MP: 3/3
  1196 | D:2      | Noticed Terence
  1219 | D:2      | Killed Terence
  1276 | D:2      | Reached XP level 4. HP: 28/29 MP: 4/4
  1428 | D:2      | Reached skill level 1 in Armour
  1882 | D:2      | Identified a scroll of acquirement
  1882 | D:2      | Acquired the +10 chain mail of the Pit {rC+ rN+ Str+3}
  2002 | D:3      | Found an ancient bone altar of Kikubaaqudgha.
  2099 | D:3      | Acquired a +1 buckler of protection
  2274 | D:3      | Noticed a phantom
  2301 | D:3      | Killed a phantom
  2302 | D:3      | Reached skill level 1 in Throwing
  2302 | D:3      | Reached XP level 5. HP: 27/33 MP: 5/5
  2632 | D:3      | Reached XP level 6. HP: 38/38 MP: 6/6
  2976 | D:4      | Noticed a black bear
  2996 | D:4      | Killed a black bear
  3218 | D:4      | Reached skill level 1 in Shields
  3218 | D:4      | Reached XP level 7. HP: 44/44 MP: 7/7
  3278 | D:4      | Noticed Ijyb
  3459 | D:3      | Reached skill level 5 in Long Blades
  3575 | D:4      | Killed Ijyb
  4191 | D:4      | Reached XP level 8. HP: 47/48 MP: 8/8
  4301 | D:4      | Paralysed by an orc for 3 turns
  4311 | D:4      | Paralysed by an orc for 2 turns
  5384 | D:4      | Reached skill level 5 in Fighting
  5889 | D:5      | Entered Level 5 of the Dungeon
  6017 | D:5      | Noticed Eustachio
  6027 | D:5      | Killed Eustachio
  6179 | D:5      | Found a glowing drain.
  6219 | Sewer    | Entered a sewer
  6546 | Sewer    | Reached XP level 9. HP: 54/54 MP: 9/9
  7475 | D:5      | Noticed a two-headed ogre
  7490 | D:5      | Killed a two-headed ogre
  7491 | D:5      | Reached skill level 5 in Shields
  7689 | D:5      | Found a burning altar of Makhleb.
  7772 | D:5      | Found a staircase to the Ecumenical Temple.
  7781 | Temple   | Entered the Ecumenical Temple
  7811 | Temple   | Became a worshipper of Warmaster Okawaru
  7811 | Temple   | Reached * piety under Okawaru
  7811 | Temple   | Reached ** piety under Okawaru
  8060 | D:6      | Identified the +10 flail of the Old World {freeze, rC+
                  | Stlth+}
  8128 | D:6      | Found Wem Pioq's Book Shop.
  8203 | D:6      | Found Pinamp Kahu's Antique Armour Emporium.
  8208 | D:6      | Bought a pair of glowing gloves for 180 gold pieces
  8242 | D:6      | Noticed a two-headed ogre
  8253 | D:6      | Killed a two-headed ogre
  8254 | D:6      | Reached skill level 5 in Armour
  8254 | D:6      | Reached skill level 1 in Evocations
  8254 | D:6      | Reached XP level 10. HP: 47/61 MP: 10/10
  8345 | D:6      | Found Taxach's Jewellery Shoppe.
  8708 | D:6      | Found Vyrooj's Antique Weapon Shop.
  8766 | D:6      | You fall into a shaft and drop 3 floors!
  8766 | D:9      | Found a glowing golden altar of the Shining One.
  8823 | D:9      | Reached *** piety under Okawaru
  8824 | D:9      | Found a shimmering altar of Xom.
  9041 | D:8      | Found a staircase to the Lair.
  9116 | D:8      | Found a flagged portal.
  9133 | Bailey   | Entered a bailey
  9215 | Bailey   | Noticed a gargoyle
  9219 | Bailey   | Killed a gargoyle
  9425 | Bailey   | Reached **** piety under Okawaru
  9672 | Bailey   | Found the ring of the Octopus King
  9876 | Bailey   | Identified a ring of the Octopus King {rCorr HP+2 AC+2 EV+2
                  | SH+2}
 10032 | D:6      | Found Wumeh's Armour Boutique.
 10145 | D:7      | Noticed Joseph
 10155 | D:7      | Killed Joseph
 10349 | D:7      | Found a blossoming altar of Fedhas.
 10394 | D:7      | Identified the ring of Xuenicvo {Fly rPois rF+}
 10865 | D:7      | Reached XP level 11. HP: 67/67 MP: 11/11
 10908 | D:7      | Reached ***** piety under Okawaru
 11143 | D:8      | Noticed a two-headed ogre
 11170 | D:8      | Killed a two-headed ogre
 11171 | D:8      | Reached skill level 5 in Dodging
 11188 | D:8      | Received a gift from Okawaru
 11191 | D:8      | Noticed a centaur warrior
 11257 | D:8      | Killed a centaur warrior
 11313 | D:8      | Noticed a skeletal warrior
 11344 | D:8      | Killed a skeletal warrior
 11649 | D:8      | Found an opulent altar of Gozag.
 11852 | D:8      | Received a gift from Okawaru
 12201 | D:9      | Noticed a cyclops
 12210 | D:9      | Killed a cyclops
 12286 | D:9      | Reached skill level 10 in Shields
 12301 | D:9      | Found a hide-covered altar of Uskayaw.
 12388 | D:9      | Noticed a centaur warrior
 12388 | D:9      | Noticed a centaur warrior
 12388 | D:9      | Found the +8 trishula "Condemnation" {holy, anguish, *Noise
                  | Fly rN+}
 12388 | D:9      | Noticed a harpy
 12389 | D:9      | Noticed a red ugly thing
 12400 | D:9      | Killed a centaur warrior
 12411 | D:9      | Killed a centaur warrior
 12412 | D:9      | Reached skill level 5 in Evocations
 12436 | D:9      | Killed a red ugly thing
 12437 | D:9      | Reached XP level 12. HP: 75/75 MP: 12/12
 12448 | D:9      | Identified the ring of the Black Skies {Wiz Dex+4}
 12459 | D:9      | Identified the +6 battleaxe of Dung {freeze, Int+4}
 12717 | D:9      | Reached skill level 1 in Polearms
 13169 | D:10     | Entered Level 10 of the Dungeon
 13169 | D:10     | Noticed Snorg
 13335 | D:10     | Received a gift from Okawaru
 13427 | D:10     | Found a sparkling altar of Nemelex Xobeh.
 13540 | D:10     | Found a glowing silver altar of Zin.
 13651 | D:10     | Noticed Fannar
 13668 | D:10     | Killed Fannar
 13668 | D:10     | Received a gift from Okawaru
 13929 | D:6      | Bought a scarf of resistance for 416 gold pieces
 14038 | D:10     | Killed Snorg
 14105 | D:10     | Reached skill level 5 in Polearms
 14313 | D:10     | Found a shadowy altar of Dithmenos.
 14375 | Lair:1   | Entered Level 1 of the Lair of Beasts
 14657 | Lair:1   | Noticed a six-headed hydra
 14665 | Lair:1   | Killed a six-headed hydra
 14866 | Lair:1   | Identified the +10 quarterstaff of Iboicine {venom, rF+++}
 15263 | Lair:2   | Reached XP level 13. HP: 29/80 MP: 13/13
 15567 | Lair:2   | Reached ****** piety under Okawaru
 15638 | Lair:2   | Received a gift from Okawaru
 16114 | Lair:2   | Found a transporter.
 16131 | Lair:2   | Found a transporter.
 17064 | Lair:3   | Found a staircase to the Shoals.
 17347 | Lair:3   | Identified the +10 long sword of World's End {venom, Str+7
                  | Dex+3} (Okawaru gifted it to you on level 3 of the Lair of
                  | Beasts)
 17347 | Lair:3   | Received a gift from Okawaru
 17588 | Lair:3   | Found a hole to the Spider Nest.
 17596 | Lair:3   | Reached skill level 10 in Polearms
 18120 | Lair:4   | Found a shimmering blue altar of Sif Muna.
 18495 | Lair:4   | Gained mutation: Your large and strong wings let you fly.
                  | [Gargoyle growth]
 18495 | Lair:4   | Reached XP level 14. HP: 86/86 MP: 14/14
 18675 | Lair:4   | Found a viscous altar of Jiyva.
 18677 | Lair:4   | Found a staircase to the Slime Pits.
 19084 | Lair:5   | Entered Level 5 of the Lair of Beasts
 19274 | Lair:5   | Received a gift from Okawaru
 20158 | Lair:5   | Reached skill level 10 in Fighting
 20177 | Lair:5   | Identified the +1 hat of Pleasant Breezes {-Tele rF+ rN+
                  | Slay+2} (Okawaru gifted it to you on level 5 of the Lair of
                  | Beasts)
 20177 | Lair:5   | Received a gift from Okawaru
 21001 | D:11     | Found Nobuxt's Magic Scroll Boutique.
 21611 | D:11     | Noticed Sonja
 21623 | D:11     | Killed Sonja
 22330 | D:6      | Bought a +4 ring of protection for 504 gold pieces
 22500 | D:12     | Found a viscous altar of Jiyva.
 22507 | D:12     | Identified the ring of Bamm {rElec rC++ Will+ rCorr Stlth-}
 22551 | D:12     | Found a staircase to the Orcish Mines.
 22993 | Orc:1    | Entered Level 1 of the Orcish Mines
 23047 | Orc:1    | Reached XP level 15. HP: 92/92 MP: 15/15
 23137 | Orc:1    | Found Rewixygg's Weapon Boutique.
 23179 | Orc:2    | Entered Level 2 of the Orcish Mines
 23209 | Orc:1    | Noticed an orc warlord
 23482 | Orc:2    | Found a staircase to the Elven Halls.
 23559 | Orc:2    | Paralysed by an orc sorcerer for 4 turns
 23872 | Orc:2    | HP: 2/95 [orc priest/divine providence (13)]
 24518 | Orc:2    | Received a gift from Okawaru
 25451 | Orc:1    | Killed an orc warlord
 25754 | Orc:1    | Found a runed translucent door.
 25755 | Orc:1    | Found a shimmering altar of Xom.
 25755 | Orc:1    | Noticed miserystealer's ghost (journeyman MiFi)
 26084 | Orc:2    | Found Unlev's Book Shoppe.
 26084 | Orc:2    | Found Vonal's Distillery.
 26085 | Orc:2    | Found Juab's Jewellery Emporium.
 26085 | Orc:2    | Found Anyq Amath's General Store.
 26140 | Orc:2    | Noticed an orc warlord
 26166 | Orc:2    | Killed an orc warlord
 26294 | Orc:2    | Bought a manual of Evocations for 960 gold pieces
 26348 | Orc:2    | Found a bloodstained altar of Trog.
 26916 | D:13     | Reached skill level 1 in Invocations
 27292 | D:13     | Received a gift from Okawaru
 27316 | D:13     | Found a gate to the Vaults.
 27536 | D:14     | Noticed Kirke
 27552 | D:14     | Killed Kirke
 27796 | D:14     | Received a gift from Okawaru
 27825 | D:14     | Identified the +1 robe "Nessan" {Regen+}
 28143 | D:15     | Entered Level 15 of the Dungeon
 28143 | D:15     | Found Ceonetzi's Magic Scroll Boutique.
 28294 | D:15     | Found a staircase to the Depths.
 28455 | Abyss:3  | Cast into level 3 of the Abyss (a wizard)
 28456 | Abyss:3  | Noticed a lich
 28458 | Abyss:3  | Noticed a tentacled starspawn
 28461 | Abyss:3  | Killed a lich
 28476 | Abyss:3  | Killed a tentacled starspawn
 28482 | Abyss:3  | Gained mutation: You are dopey. (Int -2) [a neqoxec]
 28483 | Abyss:3  | Reached XP level 16. HP: 96/100 MP: 18/18
 28495 | Abyss:3  | Gained mutation: You are very dopey. (Int -4) [a cacodemon]
 28502 | Abyss:3  | Gained mutation: [Your magical capacity is extremely low.
                  | (-30% MP)] [a cacodemon]
 28509 | Abyss:3  | Lost mutation: You are very dopey. (Int -4) [a cacodemon]
 28571 | Abyss:3  | Noticed a tentacled starspawn
 28674 | Abyss:3  | Noticed a bone dragon
 28690 | Abyss:3  | Killed a bone dragon
 28690 | Abyss:3  | Received a gift from Okawaru
 28691 | Abyss:3  | Killed from afar by a crystal guardian

Illustrated notes

Levels and vault maps discovered:
D:1:      minmay_arrival_glassed_features, layout_rooms, minmay_parallelograms
D:2:      layout_loops_ring, uniq_terence
D:3:      layout_loops_ring, mainiacjoe_overflow_concentric_impassable
D:4:      lemuel_castle_with_subvaults [lemuel_castle_interior_carwin_1],
          layout_layer_cave, amcnicky_mini_pool_small, uniq_ijyb
D:5:      layout_rooms, demons_altar, minmay_temple_entry_hall,
          portal_sewer_entry_a, uniq_eustachio
D:6:      layout_basic, serial_shops, nicolae_shop_advertising_works
          [nicolae_subvault_shop_adworks], nicolae_shop_trees,
          nicolae_shop_hallway_plus, nicolae_shop_trees,
          nicolae_shop_behind_doors
D:7:      layout_loops_corners, overflow_temple_1_default, corner_web_ring,
          uniq_joseph
D:8:      nzn_winding_woodlands_three_and_one
          [nzn_winding_woodlands_5x15_river_crossing,
          nzn_winding_woodlands_5x15_jagged, nzn_winding_woodlands_5x15_crooked,
          nzn_winding_woodlands_center_triple_pond], layout_loops_cross,
          mainiacjoe_overflow_brackets, lair_entry_dummy, enter_bailey_3
D:9:      minmay_the_grid_triangle_9x9_recursive_2
          [minmay_the_grid_triangle_9x9_prize_insulated,
          minmay_the_grid_triangle_9x9_impossible_snake,
          minmay_the_grid_triangle_9x9_minimal,
          minmay_the_grid_triangle_9x9_wacky_v], layout_small_grid,
          mainiacjoe_overflow_boulevard, marbit_many_paths,
          mainiacjoe_overflow_paths
D:10:     kennysheep_big_flooded_room, layout_loops_ring,
          nemelex_xobeh_ov_fountains_minmay, general_overflow_altar,
          kennysheep_mini_moat, uniq_snorg, uniq_fannar
D:11:     layout_loops_corners, special_room [special_room_bee], serial_shops,
          shop, uniq_sonja
D:12:     layout_cave_pools, erik_orc_3, minivault_25_ag, jiyva_altar_1
D:13:     layout_rooms, david_vaults_4, grunt_ministairs_6,
          kennysheep_generic_room_7
D:14:     layout_loops_ring, serial_aquarium, aquarium_bridge_square
          [aquarium_subvault_bridge, aquarium_subvault_bridge,
          aquarium_subvault_window, aquarium_subvault_window],
          aquarium_bridge_island_small [aquarium_subvault_small_open,
          aquarium_subvault_balcony, aquarium_subvault_bridge,
          aquarium_subvault_window, aquarium_subvault_wall], aquarium_window_1,
          aquarium_window_corridor_3, aquarium_view_2b, aquarium_view_2b,
          uniq_kirke
D:15:     grunt_enter_depths_hoard, layout_rooms, serial_shops,
          nicolae_shop_waterfront, minmay_tree_intersection
Temple:   minmay_temple_bridge_abc
Lair:1:   layout_misc_corridors, disabler_island, grunt_megastairs_2
Lair:2:   gammafunk_boulding_lane, layout_cave_shapes
Lair:3:   layout_small_grid, elwin_shoals_entry_rocks,
          hellmonk_spider_entry_life_and_decay, serial_bayou_pond_e,
          hangedman_lair_unloving_vines, grunt_megastairs_1
Lair:4:   layout_cave_pods, slime_entry_1, lemuel_oklob_altar
Lair:5:   hangedman_lair_in_review, layout_loops_ring, lemuel_fruit_tree
Orc:1:    layout_caves, ebering_ghost_xom, serial_shops, shop
Orc:2:    st_orc_pillars, layout_caves, basic_altar
Abyss:3:  base: D:13, nicolae_abyss_rune_star_stuff

Skill      XL: |  1  2  3  4  5  6  7  8  9 10 11 12 13 14 15 16 |
---------------+-------------------------------------------------+-----
Long Blades    | 3 4 5 7 8 9 |  9.6
Dodging        | 3 4 5 6 |  6.0
Armour         | 1 2 3 5 6 7 8 9 |  9.3
Fighting       | 4 5 6 7 8 9 10 11 | 11.9
Throwing       | 1 2 3 |  3.3
Shields        | 1 2 4 6 8 10 11 12 13 | 13.9
Stealth        | 3 |  3.5
Evocations     | 1 3 5 6 7 8 |  8.4
Polearms       | 7 10 13 | 13.9
Invocations    | 3 4 |  4.1
Axes           | |  0.7

Action                   |  1- 3 |  4- 6 |  7- 9 | 10-12 | 13-15 | 16-18 || total
-------------------------+-------+-------+-------+-------+-------+-------++-------
Melee: Falchion          |    93 |   222 |   901 |       |       |       ||  1216
       Punch             |     1 |     2 |       |       |       |       ||     3
       Hand axe          |       |    10 |       |       |       |       ||    10
       Spear             |       |       |    40 |       |       |       ||    40
       Flail             |       |       |    24 |   442 |       |       ||   466
       Mace              |       |       |       |    15 |       |       ||    15
       Trishula          |       |       |       |   285 |  1490 |    63 ||  1838
Throw: Dart              |     3 |     1 |     9 |     3 |       |       ||    16
       Stone             |       |       |     7 |       |       |       ||     7
       Boomerang         |       |       |     4 |     7 |     3 |       ||    14
       Javelin           |       |       |       |       |    47 |       ||    47
Invok: Heroism           |       |       |       |       |     3 |       ||     3
Evoke: Wand              |       |       |       |       |     1 |       ||     1
  Use: Scroll            |     3 |    11 |     4 |    13 |     2 |       ||    33
       Potion            |       |       |       |     5 |     4 |     4 ||    13
 Stab: Sleeping          |     2 |       |       |     1 |       |       ||     3
Armor: Leather armour    |    26 |       |       |       |       |       ||    26
       Robe              |     4 |       |       |       |       |       ||     4
       Chain mail        |    12 |   163 |   388 |   380 |   373 |    25 ||  1341
Dodge: Dodged            |    75 |   106 |   251 |   267 |   346 |    19 ||  1064
       Repelled          |       |       |       |     7 |     4 |     5 ||    16
Block: Buckler           |       |    35 |   515 |   663 |   875 |    39 ||  2127
       Reflection        |       |       |    11 |    16 |    30 |     2 ||    59
